 Dungeon Crawl Stone Soup version 0.30-a0-782-ge64f9170bb (webtiles) character file.

Game seed: 2718163390874316695

1509286 Flugkiller the Ruinous (level 24, 172/172 HPs)
             Began as a Deep Elf Chaos Knight on Mar 3, 2023.
             Was a Favourite Plaything of Xom.
             Escaped with the Orb
             ... and 3 runes on Mar 4, 2023!
             The game lasted 02:26:56 (80219 turns).

Flugkiller the Ruinous (Deep Elf Chaos Knight)     Turns: 80219, Time: 02:26:56

Health: 172/172    AC: 18    Str: 18    XL:     24   Next: 96%
Magic:  43/51      EV: 26    Int: 39    God:    Xom [.*....]
Gold:   3698       SH:  9    Dex: 19    Spells: 9/67 levels left

rFire   + + +      SeeInvis +    V - +5 dagger "Qeosei" {spect, rElec rC+ Will+ Int+3}
rCold   + . .      Faith    .    r - +3 buckler {rF+}
rNeg    . . .      Spirit   .    Y - +3 leather armour "Asiacud" {Regen+ Str+3 Dex+4}
rPois   +          Reflect  .    (helmet unavailable)
rElec   +          Harm     .    a - +2 cloak
rCorr   .          Rampage  .    F - +2 pair of gloves
Will    ++++.      Clarity  +    C - +2 pair of boots
Stlth   +                        B - amulet of Ymyhila {rF+ Regen+ Str+2 Int+3}
HPRegen 2.88/turn                v - +5 ring of evasion
MPRegen 0.32/turn                N - +6 ring of intelligence

@: studying Short Blades
A: horns 3, see invisible, clarity, deterioration 1, fire resistance 2,
strong-willed 1, poison resistance, regeneration 1, robust 1, screaming 1,
strong 1, wild magic 1, no potion heal 1
0: Orb of Zot
}: 3/15 runes: decaying, serpentine, slimy
a: Renounce Religion


You escaped.
You worshipped Xom.
You were a plaything of Xom.
You visited 11 branches of the dungeon, and saw 52 of its levels.
You visited 1 bazaar.
You also visited: Ossuary.

You collected 9622 gold pieces.
You spent 5924 gold pieces at shops.

Inventory:

Hand Weapons
 V - the +5 dagger "Qeosei" (weapon) {spect, rElec rC+ Will+ Int+3}
   (You found it on level 3 of the Elven Halls)

   Int:       It affects your intelligence (+3).
   rC:        It protects you from cold.
   rElec:     It insulates you from electricity.
   Will:      It increases your willpower.
Missiles
 H - 8 curare-tipped darts
 M - 4 throwing nets
Armour
 a - a +2 cloak (worn)
   (You found it on level 15 of the Dungeon)
 o - a +2 robe of resistance
   (You took it off Dowan on level 4 of the Dungeon)
 r - a +3 buckler of fire resistance (worn)
   (You took it off a tengu warrior on level 3 of the Depths)
 C - a +2 pair of boots (worn)
   (You found it on level 4 of the Lair of Beasts)
 F - a +2 pair of gloves (worn)
   (You found it on level 4 of the Lair of Beasts)
 J - a +2 hat of intelligence
   (You acquired it on level 11 of the Dungeon)
 Y - the +3 leather armour "Asiacud" (worn) {Regen+ Str+3 Dex+4}
   (You found it on level 5 of the Pits of Slime)

   Str:       It affects your strength (+3).
   Dex:       It affects your dexterity (+4).
   Regen:     It increases your rate of health regeneration.
Jewellery
 f - a ring of wizardry
   (You found it on level 4 of the Realm of Zot)
 j - the ring of Varusm {Will+ rCorr SInv}
   (You acquired it on level 1 of the Elven Halls)

   [ring of resist corrosion]

   SInv:      It lets you see invisible.
   rCorr:     It protects you from acid and corrosion.
   Will:      It increases your willpower.
 p - a +4 ring of protection
   (You found it on level 2 of the Lair of Beasts)
 v - a +5 ring of evasion (left hand)
   (You found it on level 5 of the Lair of Beasts)
 x - the ring "Motattut" {rF+ MP+9 Stlth+}
   (You took it off a spriggan druid on level 3 of the Swamp)

   [ring of protection from fire]

   rF:        It protects you from fire.
   MP:        It affects your magic capacity (+9).
   Stlth:     It makes you more stealthy.
 B - the amulet of Ymyhila (around neck) {rF+ Regen+ Str+2 Int+3}
   (You acquired it on level 1 of the Elven Halls)

   [amulet of regeneration]

   Str:       It affects your strength (+2).
   Int:       It affects your intelligence (+3).
   rF:        It protects you from fire.
   Regen:     It increases your rate of health regeneration.
 K - the ring "Iqeruriph" {rElec rC+ Dex+3}
   (Xom gifted it to you on level 1 of the Depths)

   [ring of protection from cold]

   Dex:       It affects your dexterity (+3).
   rC:        It protects you from cold.
   rElec:     It insulates you from electricity.
 N - a +6 ring of intelligence (right hand)
   (You took it off a deep elf annihilator on level 3 of the Elven Halls)
Wands
 c - a wand of mindburst (11)
   (You found it on level 1 of the Elven Halls)
 s - a wand of roots (32)
   (You took it off Dowan on level 4 of the Dungeon)
 L - a wand of digging (11)
   (You found it on level 8 of the Dungeon)
 R - a wand of light (24)
   (You found it on level 11 of the Dungeon)
 X - a wand of paralysis (14)
   (You found it on level 2 of the Lair of Beasts)
Scrolls
 g - 8 scrolls of enchant armour
 t - 12 scrolls of teleportation
 u - 8 scrolls of poison
 y - 11 scrolls of fog
 z - a scroll of blinking
 D - a scroll of summoning
 G - 15 scrolls of immolation
 S - 8 scrolls of fear
 Z - 9 scrolls of vulnerability
Potions
 d - 9 potions of might
 e - 15 potions of mutation
 h - 4 potions of haste
 i - 9 potions of flight
 k - 4 potions of cancellation
 l - 11 potions of brilliance
 n - 2 potions of resistance
 q - 25 potions of curing
 w - 9 potions of heal wounds
 A - 9 potions of magic
 I - 10 potions of ambrosia
 P - 12 potions of lignification
Miscellaneous
 b - a phial of floods
   (You found it on level 14 of the Dungeon)
 m - a condenser vane
   (You bought it in a shop on level 2 of the Orcish Mines)
 E - a tin of tremorstones (2/2)
   (You bought it in a shop on level 2 of the Orcish Mines)
 Q - a phantom mirror
   (You found it on level 10 of the Dungeon)
 U - a box of beasts
   (You found it on level 3 of the Elven Halls)


   Skills:
 - Level 18.0 Fighting
 - Level 6.0 Short Blades
 - Level 11.6 Armour
 - Level 14.0 Dodging
 - Level 5.0 Shields
 - Level 22.0 Spellcasting
 - Level 22.0 Conjurations
 - Level 20.0 Summonings
 - Level 10.0 Transmutations
 * Level 19.8 Fire Magic
 - Level 14.0 Earth Magic
 - Level 10.0 Evocations


You had 9 spell levels left.
You knew the following spells:

 Your Spells              Type           Power      Damage    Failure   Level
a - Sandblast             Erth           100%       2d20      1%          1
b - Stone Arrow           Conj/Erth      100%       3d13      1%          3
c - Spellforged Servitor  Conj/Summ      66%        N/A       1%          7
d - Iron Shot             Conj/Erth      63%        9d12      1%          6
e - Summon Hydra          Summ           65%        N/A       1%          7
f - Summon Mana Viper     Hex/Summ       100%       N/A       1%          5
g - Lehudib's Crystal Sp  Conj/Erth      63%        10d14     5%          8
h - Monstrous Menagerie   Summ           65%        N/A       1%          7
i - Irradiate             Conj/Tmut      60%        3d31      1%          5
j - Fire Storm            Conj/Fire      66%        8d17      22%         9

Your spell library contained the following spells:

 Spells                   Type           Power      Damage    Failure   Level
 Shock                    Conj/Air       100%       1d9       1%          1
 Slow                     Hex            100%       N/A       1%          1
 Sting                    Tmut/Pois      100%       1d8       1%          1
 Summon Small Mammal      Summ           100%       N/A       1%          1
 Call Imp                 Summ           100%       N/A       1%          2
 Passwall                 Tmut/Erth      90%        N/A       1%          2
 Scorch                   Fire           100%       2d10      1%          2
 Static Discharge         Conj/Air       100%       2-7/arc   1%          2
 Wereblood                Tmut           100%       N/A       1%          2
 Call Canine Familiar     Summ           100%       N/A       1%          3
 Dazzling Flash           Conj/Hex       100%       N/A       1%          3
 Hailstorm                Conj/Ice       100%       3d20      1%          3
 Ignite Poison            Fire/Tmut/Pois 100%       N/A       1%          3
 Inner Flame              Hex/Fire       100%       N/A       1%          3
 Mephitic Cloud           Conj/Pois/Air  92%        N/A       1%          3
 Spider Form              Tmut/Pois      82%        N/A       1%          3
 Summon Guardian Golem    Hex/Summ       100%       N/A       1%          3
 Flame Wave               Conj/Fire      100%       2d21      1%          4
 Leda's Liquefaction      Hex/Erth       45%        N/A       1%          4
 Petrify                  Tmut/Erth      100%       N/A       1%          4
 Sticky Flame             Conj/Fire      100%       2d11      1%          4
 Summon Ice Beast         Ice/Summ       100%       N/A       1%          4
 Summon Lightning Spire   Summ/Air       100%       N/A       1%          4
 Blade Hands              Tmut           51%        N/A       1%          5
 Fireball                 Conj/Fire      66%        3d25      1%          5
 Iskenderun's Battlesphe  Conj           100%       2d15      1%          5
 Summon Forest            Summ/Tloc      51%        N/A       1%          5
 Statue Form              Tmut/Erth      72%        N/A       1%          6
 Summon Cactus Giant      Summ           65%        N/A       1%          6
 Orb of Destruction       Conj           67%        9d16      1%          7
 Cigotuvi's Dreadful Rot  Necr/Pois/Air  100%       N/A       2%          2
 Ensorcelled Hibernation  Hex/Ice        100%       N/A       2%          2
 Poisonous Vapours        Pois/Air       100%       N/A       2%          2
 Sublimation of Blood     Necr           54%        N/A       2%          2
 Ice Form                 Ice/Tmut       82%        N/A       2%          4
 Borgnjor's Vile Clutch   Necr/Erth      45%        N/A       2%          5
 Freezing Cloud           Conj/Ice/Air   46%        6-21      2%          5
 Conjure Ball Lightning   Conj/Air       52%        3x3d18    2%          6
 Ignition                 Fire           65%        3d17      3%          8
 Confusing Touch          Hex            54%        N/A       4%          3
 Ozocubu's Armour         Ice            54%        N/A       4%          3
 Portal Projectile        Hex/Tloc       100%       N/A       4%          3
 Swiftness                Air            54%        N/A       4%          3
 Vampiric Draining        Necr           54%        2d9       4%          3
 Alistair's Intoxication  Tmut/Pois      54%        N/A       4%          5
 Anguish                  Hex/Necr       27%        N/A       12%         4
 Olgreb's Toxic Radiance  Pois           54%        N/A       12%         4
 Passage of Golubria      Tloc           54%        N/A       12%         4
 Dragon Form              Tmut           51%        N/A       16%         7
 Haunt                    Necr/Summ      51%        N/A       16%         7
 Eringya's Noxious Bog    Tmut/Pois      41%        N/A       22%         6
 Agony                    Necr           54%        N/A       30%         5
 Metabolic Englaciation   Hex/Ice        27%        N/A       30%         5
 Silence                  Hex/Air        27%        N/A       30%         5
 Simulacrum               Ice/Necr       27%        N/A       83%         6
 Shatter                  Erth           57%        3d43*     97%         9
 Ozocubu's Refrigeration  Ice            27%        4d13      100%        7
 Discord                  Hex            27%        N/A       100%        8
 Disjunction              Tloc           27%        N/A       100%        8
 Maxwell's Capacitive Co  Air            27%        ∞         100%        8
 Chain Lightning          Conj/Air       52%        3d70      100%        9


Dungeon Overview and Level Annotations

Branches:
Dungeon (15/15)            Temple (1/1) D:4            Lair (5/5) D:11
  Swamp (4/4) Lair:2        Snake (4/4) Lair:3        Slime (5/5) Lair:4
    Orc (2/2) D:10            Elf (3/3) Orc:2        Vaults (4/5) D:14
  Crypt (0/3) Vaults:3     Depths (4/4) D:15            Zot (5/5) Depths:4
Ossuary (visited)

Altars:
Ashenzari
Dithmenos
Fedhas
Gozag
Hepliaklqana
Kikubaaqudgha
Makhleb
Okawaru
Qazlal
Ru
Sif Muna
Uskayaw
Wu Jian
Xom
Yredelemnul
Zin
The Shining One
Jiyva
Lugonu

Shops:
D:3 :?((*   D:8 :   Orc:2 (?=*   Snake:2 (=   Vaults:3 *   Zot:4 *
Depths:3 =::

Portals:
Hell: Depths:1 Depths:2 Depths:3 Depths:4
Abyss: Depths:1 Depths:3
Pandemonium: Orc:2 Depths:2
Ziggurat: Depths:2

Annotations:
D:2 1 runed translucent door, Crazy Yiuf
D:10 1 runed translucent door
Elf:2 3 runed translucent doors
Zot:5 1 runed translucent door, RatherSlowDeath's ghost, legendary BaBr


Innate Abilities, Weirdness & Mutations

You have a pair of large horns on your head.
You have supernaturally acute eyesight. (SInv)
You possess an exceptional clarity of mind.
Your body sometimes deteriorates upon taking damage.
Your flesh is very heat resistant. (rF++)
You are strong-willed. (Will+)
Your system is resistant to poisons. (rPois)
Your natural rate of healing is unusually fast.
You are robust. (+10% HP)
You occasionally shout uncontrollably at your foes.
Your muscles are strong. (Str +4, Int/Dex -1)
Your spells are a little harder to cast, but a little more powerful.
Potions are less effective at restoring your health.


Message History

The hell hog is blasted with magical radiation!!!
You kill the hell hog!
You are very lightly contaminated with residual magic.
Your spellforged servitor gestures at the hell hog while chanting.
The crystal spear hits the hell hog!!!
The hell hog dies!
Unknown command.
You closely miss the hell hog.
Your +5 dagger "Qeosei" {spect, rElec rC+ Will+ Int+3} closely misses the hell hog.
The hell hog bites you but does no damage.
You closely miss the hell hog.
Your +5 dagger "Qeosei" {spect, rElec rC+ Will+ Int+3} hits the hell hog.
The hell hog completely misses you. The hell hog bites you!
You hit the hell hog. You headbutt the hell hog!
The hell hog is moderately wounded.
Your +5 dagger "Qeosei" {spect, rElec rC+ Will+ Int+3} hits the hell hog.
The hell hog barely misses you.
You puncture the hell hog!
The hell hog is heavily wounded.
Your +5 dagger "Qeosei" {spect, rElec rC+ Will+ Int+3} hits the hell hog.
Your spellforged servitor gestures at the hell hog while chanting.
The crystal spear hits the hell hog!!
The hell hog dies!
You see here a hell hog corpse.
(D) Dungeon (T) Temple (L) Lair (S) Swamp (P) Snake Pit (M) Slime Pits (O) Orcish Mines (E) Elven Halls (V) Vaults (C) Crypt (U) Depths (H) Hell (Z) Zot
Where to? (Enter - D:1 @ (x,y), ? - help)
You see here a +0 war axe.
HP restored.
A rakshasa and a hobgoblin come into view.
The rakshasa is wielding a +0 trident and wearing a +1 robe of willpower.
Casting: Irradiate (safe; 1% risk of failure)
Confirm with . or Enter, or press ? or * to list all spells.
You summon a servant imbued with your destructive magic!
Your spellforged servitor disappears in a puff of smoke!
The rakshasa blinks!
Your spellforged servitor gestures at the hobgoblin while chanting.
The crystal spear hits the hobgoblin!!!
The hobgoblin dies!
The rakshasa completely misses you.
Xumu comes into view.
Your spellforged servitor casts a spell at Xumu.
The crystal spear hits Xumu!!!
The rakshasa hits you but does no damage.
Press: ? - help, v - describe, . - travel
Here: Xumu (moderately wounded, ally target)
The floor.
Unknown command.
You hit the rakshasa.
The rakshasa is lightly wounded.
Your +5 dagger "Qeosei" {spect, rElec rC+ Will+ Int+3} hits the rakshasa but does no damage.
Xumu gestures at you.
The bolt of acid hits your spellforged servitor!!
The acid corrodes your spellforged servitor!
You swap places.
The rakshasa barely misses you. Xumu hits your spellforged servitor!!
Your spellforged servitor points at Xumu and mumbles some strange words.
The crystal spear hits Xumu!!!!
Xumu hits your spellforged servitor!!
Your spellforged servitor is destroyed!
Your spellforged servitor disappears in a puff of smoke!
The rakshasa closely misses you. The rakshasa attacks as you move away!
The rakshasa closely misses you. You block the rakshasa's attack.
Xumu croaks, "Out, out whilst thou may!"
The rakshasa gestures at you. The lance of force hits you!
There is a stone staircase leading up here.
Your magical contamination has completely faded away.
You climb upwards.
There is a stone staircase leading down here.
(D) Dungeon (T) Temple (L) Lair (S) Swamp (P) Snake Pit (M) Slime Pits (O) Orcish Mines (E) Elven Halls (V) Vaults (C) Crypt (U) Depths (H) Hell (Z) Zot
Where to? (Enter - D:1 @ (x,y), ? - help)
A tormentor comes into view.
The tormentor roars!
There is a stone staircase leading up here.
You climb upwards.
Level annotation: 1 runed translucent door, Crazy Yiuf
There is a stone staircase leading down here.
(D) Dungeon (T) Temple (L) Lair (S) Swamp (P) Snake Pit (M) Slime Pits (O) Orcish Mines (E) Elven Halls (V) Vaults (C) Crypt (U) Depths (H) Hell (Z) Zot
Where to? (Enter - D:1 @ (x,y), ? - help)
You see here a +0 whip.
There is a stone staircase leading up here. "Let's see if it's strong enough to survive yet."
You are now a plaything of Xom.
You climb upwards.
There is a stone staircase leading down here.
Unknown command.
Unknown command.
There is a staircase leading out of the dungeon here.
Enter note: gg You have escaped!

##.# #.PP.PP.PP.PP.PP.PP#..## #
##.# #.PP.P.PP.P.PP.P.PP..## ###
##÷# #.PP.P.P.PPP.P.P.PP..####..
##.# #.PP.P.PP.P.PP.P.PP..##...#
##.# #.PP.PP.PP.PP.PP.PP.....###
##.# ##.PPP.PP.PPP.PP.PPP...###
.#.# #..PPP.PPP...PPP.PPP...###
.#.###.PPPPP..PPPPP..PPPP.....###
....##.PPPPPPP..@..PPPPPP..#.....
.##.....PPPPPPPP.PPPPPPPP..#.(...
.######.##....................†..
## #.#####.....##....#........ #
#.#####........##...##..... #
#.##....#......##.####..... #
#.##.#.^#......#..# ###### #
###.........#......####
#####......#.##....###....###


There were no monsters in sight!

Vanquished Creatures
  the Royal Jelly (Slime:5)
  Dissolution (Slime:4)
  A golden dragon (Zot:1)
  3 Orb Guardians (Zot:5)
  A deep elf master archer (Elf:3)
  3 acid blobs (Slime:5)
  A death cob (Zot:4)
  A thorn hunter (Swamp:4)
  A storm dragon (Zot:1)
  6 azure jellies
  A rockslime (Slime:4)
  3 draconian knights
  3 ghost moths
  A balrug (Depths:1)
  Louise (Swamp:1)
  2 ironbound preservers
  2 cacodemons
  A ghoul (Swamp:4)
  A draconian stormcaller (Zot:3)
  5 quicksilver oozes
  A stone giant (D:15)
  A black draconian (Zot:1)
  4 vampire knights
  A deep elf annihilator (Elf:1)
  Azrael (D:13)
  A bunyip (Swamp:1)
  A dire elephant (Vaults:2)
  A white draconian (Depths:4)
  3 purple draconians
  3 spark wasps (Depths:2)
  A red draconian (Zot:1)
  A great orb of eyes (Slime:3)
  2 ice dragons
  A demonspawn (Orc:2)
  3 hydras
  4 catoblepae
  2 two-headed ogres
  2 anacondas
  7 centaur warriors
  3 dancing weapons
  2 naga warriors
  14 death yaks
  An alligator (Swamp:4)
  2 boulder beetles
  A hell hog (D:4)
  3 sun demons
  2 tengu warriors
  4 shock serpents
  2 orc high priests (Orc:2)
  Urug (D:11)
  Sonja (D:11)
  2 deep elf knights (Elf:3)
  A goliath frog (Swamp:1)
  A spriggan druid (Swamp:4)
  A glowing orange brain (Depths:1)
  3 skysharks
  An orange crystal statue (Orc:2)
  3 bog bodies
  4 deep trolls
  2 spectral hydras (Swamp:4)
  2 deep elf archers (Elf:1)
  A lindwurm (Vaults:2)
  An ironbound convoker (Vaults:2)
  Pikel (D:6)
  A wolf spider (shapeshifter) (Lair:5)
  7 mana vipers
  3 deep elf zephyrmancers
  3 harpies
  A will-o-the-wisp (Swamp:4)
  4 shining eyes
  5 deep elf pyromancers
  5 manticores
  5 ugly things
  2 salamanders
  3 orc sorcerers
  2 cyclopes
  3 moths of wrath
  6 elephants (Lair:4)
  3 guardian serpents
  Maurice (D:9)
  A gargoyle (D:13)
  8 cane toads
  A torpor snail (Lair:2)
  10 black mambas
  3 unseen horrors
  A yaktaur (Vaults:2)
  3 rime drakes
  12 komodo dragons
  An unseen horror (shapeshifter) (D:15)
  7 trolls
  A queen bee (Lair:1)
  A death drake zombie (Swamp:4)
  A merfolk (shapeshifter) (Depths:1)
  2 hornets (Swamp:1)
  Grinder (D:3)
  8 polar bears
  4 dream sheep (Lair:5)
  4 blink frogs (Lair:4)
  A jumping spider (shapeshifter) (D:14)
  18 slime creatures
  2 air elementals
  Sigmund (D:3)
  4 shadows
  7 spriggans
  3 wraiths
  46 yaks
  4 wyverns
  2 humans (D:8)
  3 basilisks
  2 fire elementals (D:12)
  2 hogs (D:15)
  A neqoxec (Orc:2)
  Grum (D:8)
  3 steam dragons
  7 vampire mosquitoes
  4 nagas
  3 swamp worms
  Menkaure (D:6)
  3 acid dragons
  A floating eye (Slime:3)
  5 hell hounds
  18 water moccasins
  A hydra simulacrum (Swamp:4)
  Duvessa (D:4)
  A sky beast (D:7)
  5 black bears
  4 ogres
  6 orc warriors
  2 ice beasts (D:6)
  A swamp dragon zombie (Swamp:4)
  20 wolves
  A lemure (D:6)
  A phantom (D:5)
  9 centaurs
  4 kobold brigands
  13 bullfrogs
  2 necrophages
  4 gnoll sergeants (D:10)
  4 scorpions
  11 wights
  Dowan (D:4)
  23 killer bees
  6 howler monkeys
  An electric eel (Lair:2)
  3 lava snakes (Lair:3)
  A human zombie (Ossuary)
  A jelly (D:7)
  A quasit (D:6)
  10 orc priests
  3 centaur zombies (Ossuary)
  6 hounds
  3 iguanas
  Jessica (D:3)
  Ijyb (D:4)
  Natasha (thrice) (D:3)
  11 orc wizards
  2 nameless horrors
  3 mummies (Ossuary)
  A gnoll (D:10)
  10 adders
  2 worms
  7 dart slugs
  40 orcs
  5 ball pythons
  6 bats
  5 endoplasms
  3 giant cockroaches
  A gnoll zombie (Ossuary)
  6 goblins
  5 hobgoblins
  2 jackals (D:4)
  A quokka (D:4)
  3 frilled lizards
  3 goblin zombies (Ossuary)
  21 kobolds
  A quokka zombie (D:5)
  6 rats
  A rat zombie (D:5)
702 creatures vanquished.

Vanquished Creatures (collateral kills)
  A Killer Klown (Zot:5)
  2 curse toes
  Frederick (Vaults:4)
  Saint Roka (Vaults:4)
  11 golden dragons
  A bone dragon (Depths:4)
  2 electric golems (Zot:1)
  Jorgrun (Snake:1)
  Mlioglotl (Swamp:1)
  3 Orb Guardians
  14 tentacled monstrosities
  4 quicksilver dragons
  A lich (Depths:2)
  2 deep elf blademasters (Elf:3)
  A deep elf master archer (Elf:3)
  11 acid blobs (Slime:5)
  8 death cobs
  Gastronok (D:11)
  4 sphinxes
  7 shadow dragons
  2 thorn hunters
  An Executioner (D:11)
  Roxanne (Swamp:2)
  Kirke (D:15)
  4 nagarajas
  8 storm dragons
  2 draconian monks
  20 rockslimes
  A fenstrider witch (Swamp:4)
  5 deep elf sorcerers
  4 azure jellies
  2 draconian knights (Zot:4)
  4 frost giants
  5 fire giants
  7 draconian shifters
  A balrug (D:15)
  Aizul (Vaults:4)
  The ghost of Omutsoge the Thaumaturge, a journeyman GnWr of Okawaru (Snake:3)
  5 draconian scorchers
  17 vault wardens
  2 draconian stormcallers
  2 deep elf elementalists (Elf:3)
  13 very ugly things
  10 ghouls
  2 quicksilver oozes
  14 stone giants
  2 draconian annihilators
  2 orc warlords
  11 black draconians
  20 ironbound preservers
  10 ironbound thunderhulks
  2 vampire knights
  10 green draconians
  3 deep elf demonologists
  11 dire elephants
  8 purple draconians
  11 yellow draconians
  4 deep elf annihilators (Elf:3)
  9 red draconians
  5 bunyips
  2 spark wasps (Depths:2)
  11 white draconians
  12 ettins
  4 deep elf death magi (Elf:3)
  An eidolon (Vaults:3)
  4 fire dragons
  3 shambling mangroves
  3 deep elf high priests
  8 yaktaur captains
  An ice dragon (Depths:4)
  2 entropy weavers
  9 great orbs of eyes
  11 hydras
  A hell beast (Depths:1)
  2 rakshasas
  A spriggan air mage (Swamp:2)
  A peacekeeper (Vaults:4)
  4 salamander tyrants
  11 anacondas
  2 anacondas (shapeshifter)
  2 boulder beetles
  14 dancing weapons
  8 ironbound frosthearts
  6 centaur warriors
  2 vampire magi
  5 alligators
  A death yak (Zot:3)
  2 hell hogs (D:4)
  22 naga warriors
  5 tengu warriors
  5 deep troll shamans
  11 deep troll earth magi
  7 spriggan berserkers
  2 orc high priests (Orc:2)
  A soul eater (D:9)
  10 naga sharpshooters
  3 shock serpents
  7 deep elf knights
  A sixfirhy (D:9)
  15 sun demons
  5 salamander mystics
  13 hell knights
  3 goliath frogs
  2 goliath frogs (shapeshifter)
  A fire crab (shapeshifter) (Vaults:4)
  9 iron trolls
  A cherub (D:5)
  6 spriggan druids
  5 glowing orange brains
  70 deep trolls
  13 deep elf archers
  A lindwurm (Vaults:2)
  5 swamp dragons
  9 naga ritualists
  3 bog bodies
  A flayed ghost (Swamp:4)
  5 wizards
  5 necromancers
  25 deep elf pyromancers
  5 mana vipers
  2 phantasmal warriors (Depths:3)
  10 ironbound convokers
  7 harpies
  16 salamanders
  2 spectral hydras (Swamp:4)
  3 oklob plants (Swamp:4)
  A golden dragon skeleton (Depths:1)
  21 deep elf zephyrmancers
  14 orc knights
  A cyclops (Orc:1)
  20 ugly things
  3 shining eyes
  9 orc sorcerers
  An iron dragon zombie (Depths:1)
  7 will-o-the-wisps
  15 moths of wrath
  6 elephants (Lair:3)
  A stone giant zombie (Depths:1)
  5 nameless horrors
  11 guardian serpents
  A fire giant skeleton (Depths:1)
  31 black mambas
  12 naga magi
  23 vault sentinels
  4 eyes of devastation
  An orange demon (D:9)
  A freezing wraith (Swamp:4)
  39 yaktaurs
  5 tengu conjurers
  3 death drake zombies (Swamp:4)
  A troll (Orc:1)
  3 tyrant leeches
  2 large abominations
  3 bloated husks
  A tarantella (shapeshifter) (Depths:2)
  11 hornets
  2 hydra zombies (Swamp:4)
  2 hydra skeletons (Swamp:4)
  A raiju (shapeshifter) (Depths:1)
  5 blink frogs (Lair:3)
  An ettin skeleton (Vaults:3)
  81 slime creatures
  A jumping spider (shapeshifter) (Snake:1)
  A jumping spider (Vaults:4)
  8 spriggans
  2 air elementals
  A wraith (D:14)
  3 water elementals
  A basilisk (D:15)
  A steam dragon (D:8)
  A fire elemental (Elf:3)
  5 hogs (D:15)
  7 golden eyes
  2 redbacks (Vaults:4)
  3 wargs
  5 vampire mosquitoes
  46 nagas
  13 swamp worms
  2 human zombies (Vaults:3)
  A hydra simulacrum (Swamp:4)
  A floating eye (Slime:4)
  A hell hound (Depths:1)
  23 orc warriors
  7 swamp drakes
  2 swamp dragon zombies (Swamp:4)
  4 ogres
  A human skeleton (Vaults:3)
  2 centaurs (D:15)
  A phantom (D:6)
  2 necrophages
  An earth elemental (Elf:3)
  A human simulacrum (Vaults:3)
  14 orc priests
  2 orc wizards
  A shadow imp (D:8)
  29 orcs
  A hobgoblin (D:4)
1313 creatures vanquished.

Vanquished Creatures (others)
  A nagaraja (Snake:4)
  A hydra (Swamp:3)
  2 dancing weapons
  A flayed ghost (Swamp:4)
  A deep elf zephyrmancer (Elf:3)
  A black mamba (Snake:2)
  Psyche (D:8)
  3 bloated husks
  A yak (Lair:5)
  A naga (Snake:1)
  A floating eye (Depths:1)
  A nameless horror (Zot:1)
  A briar patch (Swamp:4)
  20 foxfires
  69 fungi
  111 plants
  10 toadstools (Swamp:1)
  A withered plant (D:6)
227 creatures vanquished.

Grand Total: 2242 creatures vanquished

Notes
Turn   | Place    | Note
-------+----------+-------------------------------------------
     0 | D:1      | Flugkiller the Deep Elf Chaos Knight began the quest for
                  | the Orb.
     0 | D:1      | Reached XP level 1. HP: 13/13 MP: 3/3
   179 | D:1      | Reached XP level 2. HP: 19/19 MP: 4/4
   260 | D:1      | XOM: divination: detect creatures
   443 | D:2      | XOM: silly message
   505 | D:2      | Reached XP level 3. HP: 21/23 MP: 5/5
   884 | D:2      | Found a runed translucent door.
   885 | D:2      | Noticed Crazy Yiuf
   973 | D:2      | XOM: silly message
  1162 | D:3      | Noticed Grinder
  1171 | D:3      | XOM: enchant monster (good)
  1173 | D:3      | XOM: divination: magic mapping
  1177 | D:3      | Killed Grinder
  1178 | D:3      | Reached XP level 4. HP: 19/29 MP: 6/6
  1178 | D:3      | Reached XP level 5. HP: 22/33 MP: 7/7
  1276 | D:3      | Noticed Jessica
  1278 | D:3      | XOM: cleaving
  1294 | D:3      | Killed Jessica
  1295 | D:3      | Reached XP level 6. HP: 24/38 MP: 8/8
  1374 | D:3      | Found Hilamaf's Magic Scroll Shop.
  1458 | D:3      | Bought a scroll of fear for 48 gold pieces
  1461 | D:3      | Bought a scroll of identify for 24 gold pieces
  1461 | D:3      | Bought a scroll of identify for 24 gold pieces
  1580 | D:3      | Noticed Sigmund
  1735 | D:4      | Found a staircase to the Ecumenical Temple.
  1767 | D:4      | Learned a level 1 spell: Sandblast
  1846 | D:4      | Reached skill level 1 in Spellcasting
  1894 | D:4      | Reached skill level 1 in Earth Magic
  1952 | D:4      | Noticed Duvessa
  1967 | D:4      | Noticed Ijyb
  1979 | D:4      | Noticed Dowan
  2021 | D:4      | XOM: give mutations
  2021 | D:4      | Gained mutation: You are strong-willed. (Will+) [Xom's
                  | grace]
  2021 | D:4      | Gained mutation: Your spells are a little harder to cast,
                  | but a little more powerful. [Xom's grace]
  2021 | D:4      | Gained mutation: Your system is resistant to poisons.
                  | (rPois) [Xom's grace]
  2021 | D:4      | Gained mutation: You have sharp toenails. [Xom's grace]
  2055 | Temple   | Entered the Ecumenical Temple
  2113 | D:4      | XOM: potion effect (invisibility)
  2170 | D:4      | Killed Duvessa
  2171 | D:4      | Reached XP level 7. HP: 40/43 MP: 10/13
  2414 | D:4      | Killed Ijyb
  2482 | D:4      | XOM: god gift: 6 atropa-tipped darts
  2559 | D:4      | XOM: give mutations
  2559 | D:4      | Gained mutation: You have a pair of small horns on your
                  | head. [Xom's grace]
  2559 | D:4      | Gained mutation: Your mind is acute. (Int +4, Str/Dex -1)
                  | [Xom's grace]
  2648 | D:4      | Killed Dowan
  2746 | D:4      | Found a hide-covered altar of Uskayaw.
  2893 | D:3      | Found Epsolok's Weapon Emporium.
  2938 | D:3      | Killed Sigmund
  2939 | D:3      | Reached skill level 5 in Earth Magic
  3009 | D:3      | Found Zisiluut's Assorted Antiques.
  3016 | D:3      | Bought a scroll labelled KAAPIRCH XONT for 20 gold pieces
  3016 | D:3      | Bought a scroll labelled NECEVV FEMAALU for 20 gold pieces
  3127 | D:3      | Noticed Natasha
  3134 | D:3      | Killed Natasha
  3233 | D:3      | Found Fenuacox's Book Shoppe.
  3253 | D:3      | Identified the +0 leather armour of Noevuggi {Fly Str+3
                  | Int-2 SInv}
  3283 | D:3      | Found Koc Weg's Weapon Shoppe.
  3331 | D:3      | Noticed Natasha
  3337 | D:3      | Killed Natasha
  3370 | D:3      | Bought a scroll labelled UDIETUIJURGH for 20 gold pieces
  3370 | D:3      | Bought a scroll of identify for 40 gold pieces
  3391 | D:3      | XOM: summons 3 hostile shadow creatures
  3474 | D:5      | Entered Level 5 of the Dungeon
  3483 | D:5      | Learned a level 3 spell: Stone Arrow
  3500 | D:5      | XOM is BORED!
  3500 | D:5      | XOM: silly message
  3507 | D:5      | XOM: divination: magic mapping
  3533 | D:5      | Reached XP level 8. HP: 42/48 MP: 14/14
  3594 | D:5      | Reached skill level 1 in Conjurations
  3615 | D:5      | Found a glowing silver altar of Zin.
  3732 | D:5      | Found a shimmering blue altar of Sif Muna.
  3757 | D:5      | XOM: silly message
  3816 | D:5      | Found a sand-covered staircase.
  3823 | Ossuary  | Entered an ossuary
  4026 | D:5      | Reached skill level 5 in Dodging
  4091 | D:5      | Identified the +6 giant spiked club of the Vaults {freeze,
                  | Fly rF+++ Will- SInv}
  4099 | D:5      | XOM: silly message
  4166 | D:5      | XOM is BORED!
  4166 | D:5      | XOM: noise
  4267 | D:6      | XOM: blink monster(s)
  4275 | D:6      | Reached skill level 5 in Short Blades
  4277 | D:6      | Reached XP level 9. HP: 50/52 MP: 10/18
  4280 | D:6      | Reached skill level 5 in Spellcasting
  4346 | D:6      | Found a basalt altar of Yredelemnul.
  4371 | D:6      | Noticed Menkaure
  4377 | D:6      | Killed Menkaure
  4443 | D:6      | XOM: divination: magic mapping
  4450 | D:6      | Reached skill level 5 in Fighting
  4487 | D:6      | Found a glowing golden altar of the Shining One.
  4500 | D:6      | XOM: scenery: 1 doors open
  4501 | D:6      | Found a sacrificial altar of Ru.
  4518 | D:6      | Noticed Pikel
  4519 | D:6      | XOM: cast spell 'Statue Form'
  4525 | D:6      | XOM: polymorph lemure -> quasit
  4532 | D:6      | XOM: confuse monster(s)
  4533 | D:6      | XOM: summons friendly ufetubus
  4536 | D:6      | Killed Pikel
  4555 | D:6      | Found an ancient bone altar of Kikubaaqudgha.
  4598 | D:6      | Found a stormy altar of Qazlal.
  4665 | D:6      | Found an ornate altar of the Wu Jian Council.
  4685 | D:6      | Reached skill level 5 in Conjurations
  4767 | D:6      | Found a hazy altar of Hepliaklqana.
  4864 | D:6      | XOM: god gift: javelin
  4891 | D:6      | Identified the +6 rapier of the Ninety-Nine Dreams {holy,
                  | Dex+3}
  4983 | D:7      | Reached skill level 5 in Evocations
  4998 | D:7      | XOM: scenery: summon butterflies
  5040 | D:7      | Found a burning altar of Makhleb.
  5225 | D:7      | Found a shadowy altar of Dithmenos.
  5228 | D:7      | XOM: god gift: 56 gold pieces
  5456 | D:3      | Bought a book of Alchemy for 308 gold pieces
  5462 | D:3      | Learned a level 5 spell: Irradiate
  5546 | D:7      | XOM is BORED!
  5546 | D:7      | XOM: give mutations
  5546 | D:7      | Gained mutation: Your magical capacity is low. (-10% MP)
                  | [Xom's mischief]
  5546 | D:7      | Gained mutation: You have razor-sharp toenails. [Xom's
                  | mischief]
  5546 | D:7      | Lost mutation: Your magical capacity is low. (-10% MP)
                  | [Xom's mischief]
  5546 | D:7      | Lost mutation: You have razor-sharp toenails. [Xom's
                  | mischief]
  6061 | D:8      | Noticed Grum
  6073 | D:7      | Reached skill level 1 in Transmutations
  6073 | D:7      | Reached XP level 10. HP: 16/60 MP: 13/19
  6211 | D:8      | Noticed Psyche
  6214 | D:8      | Killed Psyche
  6339 | D:8      | XOM: noise
  6340 | D:8      | Killed Grum
  6519 | D:8      | Found Jaxtaiha's Book Emporium.
  6519 | D:8      | XOM: 3-stop teleportation journey
  6575 | D:8      | XOM: divination: magic mapping
  6683 | D:8      | XOM: summons 10 friendly demons
  6828 | D:8      | Found an iron altar of Okawaru.
  7029 | D:8      | XOM: cloud trail
  7597 | D:9      | Got the Tractate on Tectonic Breath
  7705 | D:9      | XOM: divination: magic mapping
  7747 | D:9      | Noticed Maurice
  7747 | D:9      | XOM: divination: magic mapping
  7752 | D:9      | Killed Maurice
  7753 | D:9      | Reached skill level 5 in Transmutations
  7861 | D:9      | Found a broken altar of Ashenzari.
  7940 | D:9      | XOM: give mutations
  7940 | D:9      | Gained mutation: You are partially covered in iridescent
                  | scales. (AC +2) [Xom's grace]
  7940 | D:9      | Gained mutation: You have sharp fingernails. [Xom's grace]
  7940 | D:9      | Gained mutation: You have an increased reservoir of magic.
                  | (+10% MP) [Xom's grace]
  7973 | D:9      | XOM: give mutations
  7973 | D:9      | Gained mutation: Your natural rate of healing is unusually
                  | fast. [Xom's grace]
  7973 | D:9      | Gained mutation: You have a pair of horns on your head.
                  | [Xom's grace]
  7973 | D:9      | Gained mutation: Your muscles are strong. (Str +4, Int/Dex
                  | -1) [Xom's grace]
  8063 | D:9      | XOM: scenery: 1 doors open
  8073 | D:9      | a yak changed into a harpy
  8073 | D:9      | Noticed a harpy
  8073 | D:9      | XOM: polymorph yak -> harpy
  8078 | D:9      | Killed a harpy
  8350 | D:9      | XOM: stat loss: -1 Int (22/23)
  8552 | D:10     | Entered Level 10 of the Dungeon
  8556 | D:10     | XOM: summons 2 friendly demons
  8561 | D:9      | Reached XP level 11. HP: 47/64 MP: 12/27
  8802 | D:10     | Identified the ring of Jikol {Drain Fly rN++ Int+2 SInv}
  8887 | D:10     | XOM: noise
  9068 | D:10     | XOM: cloud trail
  9258 | D:10     | XOM: cloud trail
  9344 | D:10     | XOM: summons 2 hostile demons
  9408 | D:10     | XOM: summons 4 hostile demons
  9432 | D:10     | Gained mutation: You occasionally lose the ability to read
                  | scrolls when taking damage. [mutagenic glow]
  9546 | D:10     | XOM: torment (20/64 hp)
  9745 | D:10     | Reached skill level 10 in Conjurations
  9860 | D:10     | XOM: 3-stop teleportation journey
  9999 | D:10     | XOM: summons 3 hostile shadow creatures
 10222 | D:10     | Found a runed translucent door.
 10222 | D:10     | Noticed a sixfirhy
 10406 | D:10     | Found a staircase to the Orcish Mines.
 10500 | D:11     | XOM: god gift: broad axe {god gift}
 10563 | D:11     | XOM: summons friendly iron imp
 10571 | D:11     | XOM: summons 4 friendly demons
 10676 | D:11     | Noticed Urug
 10682 | D:11     | Killed Urug
 10739 | D:11     | XOM: 1-stop teleportation journey
 10741 | D:11     | Noticed Gastronok
 10747 | D:11     | XOM: cleaving
 10758 | D:11     | Killed Gastronok
 10800 | D:11     | XOM: swap monsters
 10919 | D:11     | XOM: give mutations
 10919 | D:11     | Lost mutation: Your muscles are strong. (Str +4, Int/Dex
                  | -1) [Xom's mischief]
 10919 | D:11     | Lost mutation: You have an increased reservoir of magic.
                  | (+10% MP) [Xom's mischief]
 10919 | D:11     | Lost mutation: Your spells are a little harder to cast, but
                  | a little more powerful. [Xom's mischief]
 10919 | D:11     | Gained mutation: You are agile. (Dex +4, Str/Int -1) [Xom's
                  | mischief]
 10931 | D:11     | XOM: butterfly on damage
 11006 | D:11     | XOM: cast spell 'Call Canine Familiar'
 11157 | D:11     | Found a staircase to the Lair.
 11173 | D:11     | Noticed Sonja
 11188 | D:11     | Killed Sonja
 11351 | D:11     | Found a shadowy altar of Dithmenos.
 11358 | D:11     | XOM: scenery: 1 doors open
 11361 | D:11     | Reached XP level 12. HP: 73/73 MP: 16/26
 11638 | D:4      | XOM: god gift: war axe {god gift}
 11682 | D:3      | Bought a book of Dangerous Friends for 440 gold pieces
 11690 | D:3      | Learned a level 7 spell: Spellforged Servitor
 11870 | Lair:1   | Entered Level 1 of the Lair of Beasts
 11971 | Lair:1   | XOM: repel stairs
 11978 | Lair:1   | Reached skill level 1 in Summonings
 12357 | Lair:1   | XOM: give mutations
 12357 | Lair:1   | Gained mutation: You have a pair of large horns on your
                  | head. [Xom's grace]
 12357 | Lair:1   | Lost mutation: You have sharp toenails. [Xom's grace]
 12357 | Lair:1   | Gained mutation: You have large cloven feet. [Xom's grace]
 12357 | Lair:1   | Gained mutation: You have supernaturally acute eyesight.
                  | (SInv) [Xom's grace]
 12357 | Lair:1   | Gained mutation: Your spells are a little harder to cast,
                  | but a little more powerful. [Xom's grace]
 12360 | Lair:1   | XOM: fake destruction
 12507 | Lair:1   | XOM: cleaving
 12528 | Lair:1   | XOM: cleaving
 12529 | Lair:1   | XOM: confuse monster(s)
 12557 | Lair:1   | XOM: destruction
 12880 | Lair:1   | XOM: noise
 13124 | Lair:2   | XOM: enchant monster (bad)
 13255 | Lair:2   | Reached skill level 5 in Summonings
 13388 | Lair:1   | XOM is BORED!
 13388 | Lair:1   | XOM: give mutations
 13388 | Lair:1   | Lost mutation: You are agile. (Dex +4, Str/Int -1) [Xom's
                  | mischief]
 13388 | Lair:1   | Lost mutation: You have supernaturally acute eyesight.
                  | (SInv) [Xom's mischief]
 13388 | Lair:1   | Lost mutation: You are strong-willed. (Will+) [Xom's
                  | mischief]
 13972 | Lair:2   | XOM: confuse monster(s)
 14001 | Lair:2   | XOM: 7-stop teleportation journey
 14049 | Lair:2   | Reached skill level 10 in Spellcasting
 14256 | Lair:2   | XOM: noise
 14347 | Lair:2   | Found the brooch of Shielding {Spirit SH+8}
 14578 | Lair:2   | XOM: fake destruction
 14661 | Lair:2   | Found a staircase to the Swamp.
 14687 | Lair:2   | Noticed a death yak
 14688 | Lair:2   | XOM: cleaving
 14692 | Lair:2   | Noticed a death yak
 14693 | Lair:2   | Noticed a death yak
 14696 | Lair:2   | Killed a death yak
 14732 | Lair:2   | XOM: blink monster(s)
 14733 | Lair:2   | XOM: blink monster(s)
 14852 | Lair:2   | Got Lehudib's Volume of Hurting and Topomancy
 15087 | Lair:3   | XOM: cast spell 'Summon Horrible Things'
 15092 | Lair:3   | Reached XP level 13. HP: 67/78 MP: 16/29
 15722 | Lair:3   | Got the Lessons on Support
 15801 | Lair:3   | Found a staircase to the Snake Pit.
 15880 | Lair:3   | XOM: noise
 16314 | Lair:4   | Found an opulent altar of Gozag.
 16441 | Lair:4   | XOM: cloud trail
 16606 | Lair:4   | XOM: enchant monster (bad)
 16607 | Lair:4   | XOM: enchant monster (bad)
 16608 | Lair:4   | XOM: swap monsters
 16617 | Lair:4   | XOM: noise
 17102 | Lair:4   | XOM: noise
 17109 | Lair:4   | Reached skill level 10 in Summonings
 17138 | Lair:4   | XOM: repel stairs
 17382 | Lair:4   | XOM: cast spell 'Leda's Liquefaction'
 17390 | Lair:4   | XOM: summons 3 hostile demons
 17403 | Lair:4   | XOM: blink monster(s)
 17698 | Lair:4   | XOM: stat loss: -1 Dex (20/21)
 17780 | Lair:4   | XOM: silly message
 17794 | Lair:4   | Found a staircase to the Slime Pits.
 17794 | Lair:4   | Found a viscous altar of Jiyva.
 17797 | Lair:4   | XOM: noise
 18243 | Lair:4   | XOM: give mutations
 18243 | Lair:4   | Lost mutation: You have a pair of large horns on your head.
                  | [Xom's mischief]
 18243 | Lair:4   | Gained mutation: You occasionally shout uncontrollably at
                  | your foes. [Xom's mischief]
 18359 | Lair:5   | Entered Level 5 of the Lair of Beasts
 19205 | Lair:5   | XOM: draining
 19517 | Lair:5   | XOM: polymorph death yak -> glowing shapeshifter
 19560 | Lair:5   | XOM: enchant monster (bad)
 19599 | Lair:5   | XOM: silly message
 19686 | Lair:5   | XOM: swap monsters
 19704 | Lair:5   | XOM: confuse monster(s)
 19706 | Lair:5   | XOM: give mutation
 19706 | Lair:5   | Lost mutation: You occasionally lose the ability to read
                  | scrolls when taking damage. [Xom's mischief]
 19850 | Lair:5   | Reached XP level 14. HP: 77/84 MP: 17/32
 19850 | Lair:5   | XOM: swap monsters
 19861 | Lair:4   | XOM: polymorph death yak -> anaconda
 20875 | Lair:5   | XOM: silly message
 21048 | Lair:5   | Reached skill level 15 in Conjurations
 21206 | Lair:5   | XOM: cleaving
 21247 | Lair:5   | XOM: 1-stop teleportation journey
 21856 | Lair:5   | XOM: enchant monster (good)
 21869 | Lair:5   | XOM: fog
 21896 | Lair:5   | XOM: god gift: 13 gold pieces
 21916 | Lair:5   | Identified the +9 shortbow of the Heavens {heavy, rElec
                  | Stlth+}
 22288 | D:11     | Identified a scroll of acquirement
 22327 | D:11     | Acquired a +1 hat of intelligence
 22658 | D:11     | XOM: give mutation
 22658 | D:11     | Gained mutation: You expend magic power (3 MP) to
                  | strengthen your wands. [Xom's grace]
 23105 | D:12     | Identified the ring "Mariy" {rPois Dex+2}
 23115 | D:12     | XOM: enchant monster (good)
 23123 | D:12     | XOM: polymorph yak -> rime drake
 23259 | D:12     | XOM: god gift: 18 gold pieces
 23431 | D:13     | Noticed Azrael
 23457 | D:12     | XOM: scenery: create altars
 23599 | D:13     | Killed Azrael
 23846 | D:13     | XOM: cloud trail
 24276 | D:13     | XOM is BORED!
 24276 | D:13     | XOM: summons 8 hostile demons
 24618 | D:13     | XOM: scenery: 3 doors close
 24623 | D:13     | XOM: scenery: 2 doors close
 24683 | D:13     | XOM: god gift: 56 gold pieces
 24930 | D:14     | XOM: confuse monster(s)
 24931 | D:14     | XOM: divination: magic mapping
 25003 | D:14     | XOM: fog
 25010 | D:14     | Found an opulent altar of Gozag.
 25029 | D:14     | XOM: cleaving
 25036 | D:14     | XOM: confuse monster(s)
 25040 | D:14     | XOM: summons friendly white imp
 25048 | D:14     | XOM: cast spell 'Monstrous Menagerie'
 25057 | D:14     | Reached skill level 15 in Summonings
 25202 | D:14     | Reached XP level 15. HP: 88/88 MP: 16/34
 25433 | D:14     | XOM: blink monster(s)
 25457 | D:14     | Found a gate to the Vaults.
 26108 | D:15     | Entered Level 15 of the Dungeon
 26520 | D:15     | XOM: 1-stop teleportation journey
 26561 | D:15     | XOM: cloud trail
 26574 | D:15     | XOM: give mutations
 26574 | D:15     | Lost mutation: You expend magic power (3 MP) to strengthen
                  | your wands. [Xom's mischief]
 26574 | D:15     | Gained mutation: You are frail. (-10% HP) [Xom's mischief]
 26574 | D:15     | Lost mutation: Your spells are a little harder to cast, but
                  | a little more powerful. [Xom's mischief]
 26574 | D:15     | Gained mutation: You are mostly covered in iridescent
                  | scales. (AC +4) [Xom's mischief]
 26934 | D:15     | XOM: silly message
 26962 | D:15     | Found a staircase to the Depths.
 27130 | D:15     | Noticed Kirke
 27142 | D:15     | XOM: silly message
 27267 | D:15     | XOM: enchant monster (good)
 27317 | D:15     | XOM: 11-stop teleportation journey
 27513 | D:15     | XOM: divination: magic mapping
 27738 | D:15     | XOM: scenery: 1 doors open, 1 doors close
 27792 | D:15     | XOM: cloud trail
 27841 | D:15     | Found a staircase to the Depths.
 28309 | D:15     | XOM: god gift: 26 gold pieces
 28367 | D:15     | XOM is BORED!
 28413 | D:15     | Found a staircase to the Depths.
 28446 | D:15     | Killed Kirke
 28996 | D:15     | XOM: god gift: 986 gold pieces
 29209 | Orc:1    | Entered Level 1 of the Orcish Mines
 29233 | Orc:1    | XOM: scenery: create altars
 29409 | Orc:1    | You fall into a shaft and drop 1 floor!
 29409 | Orc:2    | Entered Level 2 of the Orcish Mines
 29492 | Orc:2    | XOM: enchant monster (bad)
 29664 | Orc:2    | Found a staircase to the Elven Halls.
 30099 | Orc:2    | Found Onaazeit's General Store.
 30163 | Orc:2    | Found Plog's Magic Scroll Boutique.
 30205 | Orc:2    | Bought a scroll of teleportation for 36 gold pieces
 30213 | Orc:2    | Bought a scroll of fear for 68 gold pieces
 30376 | Orc:2    | Reached skill level 10 in Fighting
 30378 | Orc:2    | XOM: silly message
 30685 | Orc:2    | XOM: 2-stop teleportation journey
 30733 | Orc:2    | XOM: confuse monster(s)
 31295 | Orc:2    | XOM: potion effect (might)
 31318 | Orc:2    | Found Wenaluwk's Antique Weapon Shoppe.
 31318 | Orc:2    | Found Hooheneb's Jewellery Emporium.
 31319 | Orc:2    | Found a one-way gate leading to the halls of Pandemonium.
 31571 | Orc:1    | XOM: smoke on damage
 31745 | Orc:1    | Acquired a book of Power
 31754 | Orc:1    | Learned a level 6 spell: Iron Shot
 31762 | Orc:1    | Learned a level 7 spell: Summon Hydra
 31942 | D:3      | Bought a scroll of enchant armour for 90 gold pieces
 32060 | D:9      | XOM: silly message
 32073 | D:10     | XOM: noise
 32136 | D:13     | XOM: divination: magic mapping
 32330 | D:6      | XOM is BORED!
 32396 | D:3      | Bought the Lessons on Spellbinding for 462 gold pieces
 32402 | D:3      | Learned a level 5 spell: Summon Mana Viper
 32416 | D:3      | Noticed Natasha
 32424 | D:3      | Killed Natasha
 32630 | Orc:2    | Bought a condenser vane for 480 gold pieces
 32630 | Orc:2    | Bought a tin of tremorstones (2/2) for 480 gold pieces
 32807 | Snake:1  | Entered Level 1 of the Snake Pit
 32906 | Snake:1  | XOM: cast spell 'Statue Form'
 32937 | Snake:1  | XOM: noise
 33217 | Snake:1  | XOM: scenery: create altars
 33553 | Snake:1  | XOM: divination: magic mapping
 33571 | Snake:1  | XOM: divination: detect items
 33699 | Snake:1  | XOM: divination: detect items
 33702 | Snake:1  | XOM: divination: detect creatures
 33704 | Snake:1  | Reached XP level 16. HP: 90/90 MP: 18/35
 33715 | Snake:1  | XOM: confuse monster(s)
 33737 | Snake:1  | XOM: cast spell 'Summon Horrible Things'
 33789 | Snake:1  | Noticed Jorgrun
 33797 | Snake:1  | Killed Jorgrun
 33931 | Snake:1  | XOM: enchant monster (good)
 34356 | Snake:1  | XOM: silly message
 34487 | Snake:1  | XOM: polymorph eight-headed hydra -> shapeshifter
 34594 | Snake:1  | XOM: polymorph guardian serpent -> shapeshifter
 34662 | Snake:1  | XOM: blink monster(s)
 34897 | Snake:1  | XOM: silly message
 35275 | Snake:1  | XOM: summons 3 hostile shadow creatures
 35422 | Snake:1  | XOM: silly message
 35491 | Snake:2  | XOM: give mutations
 35491 | Snake:2  | Lost mutation: You have sharp fingernails. [Xom's mischief]
 35491 | Snake:2  | Lost mutation: You are mostly covered in iridescent scales.
                  | (AC +4) [Xom's mischief]
 35790 | Snake:2  | XOM: 1-stop teleportation journey
 35810 | Snake:2  | XOM: 1-stop teleportation journey
 35816 | Snake:2  | XOM: butterfly on damage
 35819 | Snake:2  | XOM: swap monsters
 35954 | Snake:2  | XOM: enchant monster (bad)
 35961 | Snake:2  | Reached skill level 15 in Spellcasting
 36376 | Snake:2  | Reached skill level 10 in Earth Magic
 36459 | Snake:2  | XOM: silly message
 36584 | Snake:2  | XOM: silly message
 36585 | Snake:2  | Found Lafis's Jewellery Shop.
 36589 | Snake:2  | Found Iqil Lacs's Antique Weapon Shop.
 37125 | Snake:2  | Bought a crude rapier for 324 gold pieces
 37125 | Snake:2  | Identified the +10 rapier "Erowo" {distort, rPois} (You
                  | bought it in a shop on level 2 of the Snake Pit)
 37444 | Snake:3  | XOM: 2-stop teleportation journey
 37814 | Snake:3  | XOM: potion effect (haste)
 37850 | Snake:3  | Found a transporter.
 37855 | Snake:3  | Noticed Omutsoge's ghost (journeyman GnWr)
 38044 | Snake:3  | XOM: enchant monster (bad)
 38048 | Snake:3  | XOM: give mutation
 38048 | Snake:3  | Gained mutation: You are very frail. (-20% HP) [Xom's
                  | mischief]
 38130 | Snake:3  | XOM: give mutations
 38130 | Snake:3  | Lost mutation: You are very frail. (-20% HP) [Xom's
                  | mischief]
 38130 | Snake:3  | Gained mutation: You are very frail. (-20% HP) [Xom's
                  | mischief]
 38225 | Snake:3  | Found a transporter.
 38537 | Snake:3  | XOM: god gift: wand of light (2)
 38939 | Snake:3  | Reached XP level 17. HP: 65/83 MP: 20/38
 38944 | Snake:3  | Identified the ring of the Brewing Pariah {+Blink rPois
                  | rCorr Str+5 Int-3}
 39099 | Snake:3  | Killed Omutsoge's ghost
 39132 | Snake:4  | Entered Level 4 of the Snake Pit
 39434 | Snake:4  | XOM: cast spell 'Summon Small Mammal'
 39764 | Snake:3  | XOM: scenery: summon butterflies
 39815 | Snake:4  | XOM: smoke on damage
 40148 | Snake:4  | XOM: scenery: create altars
 40559 | Snake:4  | XOM: god gift: ring of poison resistance
 40791 | Snake:4  | XOM is BORED!
 40791 | Snake:4  | XOM: summons 3 hostile shadow creatures
 41206 | Snake:4  | Got a serpentine rune of Zot
 41563 | Snake:1  | XOM: divination: detect creatures
 41616 | Swamp:1  | Entered Level 1 of the Swamp
 41655 | Swamp:1  | Got the Compilation of Poisoning
 41768 | Lair:2   | XOM: divination: detect items
 41858 | Swamp:1  | Noticed Mlioglotl
 41858 | Swamp:1  | Noticed Louise
 41861 | Swamp:1  | XOM: divination: magic mapping
 41865 | Swamp:1  | Killed Mlioglotl
 41877 | Swamp:1  | Killed Louise
 42304 | Swamp:2  | XOM: stealth player
 42388 | Swamp:2  | Noticed Roxanne
 42719 | Swamp:2  | Noticed a tentacled monstrosity
 42738 | Swamp:2  | Killed a tentacled monstrosity
 42745 | Swamp:1  | XOM: god gift: scale mail {god gift}
 43025 | Swamp:2  | XOM: cast spell 'Summon Mana Viper'
 43051 | Swamp:2  | XOM: noise
 43057 | Swamp:2  | Reached XP level 18. HP: 82/92 MP: 17/39
 43185 | Swamp:2  | XOM: silly message
 43439 | Swamp:2  | Killed Roxanne
 43495 | Swamp:2  | XOM: stat loss: -1 Int (30/31)
 43591 | Swamp:3  | XOM: noise
 43698 | Swamp:3  | Identified the ring "Motattut" {rF+ MP+9 Stlth+}
 43809 | Swamp:3  | XOM: silly message
 44168 | Swamp:3  | XOM: enchant monster (bad)
 44594 | Swamp:4  | Entered Level 4 of the Swamp
 44800 | Swamp:4  | XOM: polymorph eight-headed hydra -> goliath frog
 44804 | Swamp:4  | XOM: cleaving
 44917 | Swamp:4  | Reached skill level 15 in Fighting
 44950 | Swamp:3  | Learned a level 8 spell: Lehudib's Crystal Spear
 45004 | Swamp:4  | Paralysed by a fenstrider witch for 5 turns
 45019 | Swamp:4  | XOM: smoke on damage
 45046 | Swamp:3  | XOM: give mutations
 45046 | Swamp:3  | Gained mutation: Your muscles are strong. (Str +4, Int/Dex
                  | -1) [Xom's grace]
 45046 | Swamp:3  | Gained mutation: You are mostly covered in iridescent
                  | scales. (AC +4) [Xom's grace]
 45469 | Orc:1    | XOM: god gift: 691 gold pieces
 45493 | Elf:1    | Entered Level 1 of the Elven Halls
 45501 | Elf:1    | XOM: enchant monster (good)
 45715 | Orc:2    | Found a gateway to a bazaar.
 45807 | Bazaar   | Entered a bazaar
 45809 | Bazaar   | Found Hiaviriach's General Store.
 45817 | Bazaar   | Found Ibekiot's Weapon Shop.
 45858 | Bazaar   | Found Jasuh's Book Emporium.
 45866 | Bazaar   | Found Iloanuss's Book Boutique.
 45923 | Bazaar   | Bought a manual of Armour for 720 gold pieces
 45923 | Bazaar   | Bought a manual of Fighting for 720 gold pieces
 45995 | Elf:1    | Reached skill level 1 in Armour
 46376 | Elf:1    | Paralysed by an air elemental for 1 turns
 46527 | Elf:1    | XOM: cast spell 'Summon Cactus Giant'
 46562 | Elf:1    | XOM: 2-stop teleportation journey
 46564 | Elf:1    | XOM: noise
 47076 | Elf:1    | XOM: blink monster(s)
 47557 | Elf:1    | Acquired 457 gold pieces
 47559 | Elf:1    | Acquired the ring of Varusm {Will+ rCorr SInv}
 47561 | Elf:1    | Acquired the amulet of Ymyhila {rF+ Regen+ Str+2 Int+3}
 47591 | Elf:2    | XOM: noise
 47748 | Elf:1    | XOM: give mutations
 47748 | Elf:1    | Lost mutation: You have large cloven feet. [Xom's mischief]
 47748 | Elf:1    | Lost mutation: Your mind is acute. (Int +4, Str/Dex -1)
                  | [Xom's mischief]
 47748 | Elf:1    | Lost mutation: You have a pair of horns on your head.
                  | [Xom's mischief]
 47748 | Elf:1    | Lost mutation: You are mostly covered in iridescent scales.
                  | (AC +4) [Xom's mischief]
 47805 | Elf:2    | XOM: blink monster(s)
 47824 | Elf:2    | XOM: smoke on damage
 47946 | Elf:2    | Reached skill level 5 in Armour
 48099 | Elf:2    | XOM: summons 3 hostile shadow creatures
 48383 | Elf:2    | Found a runed translucent gate.
 48383 | Elf:2    | Found a runed translucent gate.
 48385 | Elf:2    | Found a runed translucent gate.
 48487 | Elf:2    | XOM: give mutation
 48487 | Elf:2    | Gained mutation: You are clumsy. (Dex -2) [Xom's mischief]
 48772 | Elf:2    | XOM: summons 2 hostile demons
 48865 | Elf:3    | Entered Level 3 of the Elven Halls
 48866 | Elf:3    | Paralysed by an air elemental for 1 turns
 48867 | Elf:3    | XOM: smoke on damage
 48914 | Elf:3    | XOM: scenery: 2 doors open
 49083 | Elf:3    | Reached XP level 19. HP: 99/100 MP: 36/42
 49146 | Elf:3    | XOM: cleaving
 49201 | Elf:3    | XOM: chaos upgrade
 49203 | Elf:3    | XOM: confusion
 49331 | Elf:3    | XOM: butterfly on damage
 49580 | Elf:3    | XOM: confuse monster(s)
 50168 | Elf:3    | Identified the +3 demon whip of Teap {drain, rPois rC+
                  | Dex+6}
 50202 | Elf:3    | Identified the amulet of Cieppi {Acrobat Slay+2}
 50222 | Elf:3    | XOM: fake destruction
 50581 | Elf:3    | XOM: divination: detect items
 50894 | Elf:3    | Identified the +9 flail of Magnificence {elec, Fragile rN+
                  | Str+4}
 50894 | Elf:3    | Identified the +3 falchion "Xelucemp" {freeze, Drain rPois
                  | rC++ Stlth+}
 51099 | Elf:3    | Identified the +4 shortbow "Biaciq" {flame, rF+ Will+++
                  | rCorr Dex-3}
 51255 | Elf:3    | Identified the +5 dagger "Qeosei" {spect, rElec rC+ Will+
                  | Int+3}
 51610 | Vaults:1 | Entered Level 1 of the Vaults
 51621 | Vaults:1 | XOM: give mutation
 51621 | Vaults:1 | Lost mutation: You are very frail. (-20% HP) [Xom's
                  | mischief]
 52112 | Vaults:1 | XOM: confuse monster(s)
 52217 | Vaults:1 | XOM: cleaving
 52719 | Vaults:1 | Reached skill level 10 in Armour
 52941 | Vaults:1 | XOM: scenery: 3 doors close
 53172 | Vaults:1 | XOM: god gift: potion of lignification
 53536 | Vaults:1 | Found the +5 glaive of the Guard {elec, spectral, AC+5}
 53540 | Vaults:1 | XOM: scenery: 1 doors close
 53867 | Vaults:1 | Reached XP level 20. HP: 85/120 MP: 28/45
 53960 | Vaults:1 | You fall into a shaft and drop 1 floor!
 53961 | Vaults:2 | XOM: confuse monster(s)
 54019 | Vaults:2 | XOM: potion effect (berserk rage)
 54057 | Vaults:2 | XOM: scenery: create altars
 54066 | Vaults:2 | XOM: silly message
 54077 | Vaults:2 | Identified the +0 short sword of Layfar {freeze, Contam
                  | rPois rCorr MP+9} (Xom gifted it to you on level 2 of the
                  | Vaults)
 54077 | Vaults:2 | XOM: god gift: +0 short sword of Layfar {chaos, Contam
                  | rPois rCorr MP+9}
 54086 | Vaults:2 | XOM: summons friendly white imp
 54227 | Vaults:2 | XOM: scenery: 1 doors open
 54556 | Vaults:2 | XOM: polymorph ironbound thunderhulk -> shadow dragon
 54682 | Vaults:2 | XOM: summons 4 hostile shadow creatures
 55824 | Vaults:2 | XOM: scenery: 1 doors close
 55877 | Vaults:2 | XOM: butterfly on damage
 55933 | Vaults:2 | XOM: god gift: ring mail {god gift}
 56721 | Vaults:3 | XOM is BORED!
 56721 | Vaults:3 | XOM: draining
 56783 | Vaults:3 | XOM: cloud trail
 57103 | Vaults:3 | XOM: silly message
 57122 | Vaults:3 | Found a staircase to the Crypt.
 57149 | Vaults:3 | XOM: polymorph dire elephant -> sphinx
 57161 | Vaults:3 | XOM: polymorph four-headed hydra -> great orb of eyes
 57429 | Vaults:3 | XOM: noise
 57613 | Vaults:3 | Reached XP level 21. HP: 70/126 MP: 33/47
 57727 | Vaults:3 | Found Memomacuqu's Assorted Antiques.
 57795 | Vaults:3 | XOM: enchant monster (bad)
 57887 | Vaults:3 | XOM: summons 1 hostile shadow creature
 58221 | Vaults:4 | Noticed Aizul
 58227 | Vaults:4 | Killed Aizul
 58420 | Vaults:4 | Noticed Frederick
 58432 | Vaults:4 | Killed Frederick
 58544 | Vaults:4 | XOM: 1-stop teleportation journey
 59142 | Vaults:4 | XOM: 2-stop teleportation journey
 59260 | Vaults:4 | Noticed Saint Roka
 59262 | Vaults:4 | XOM: silly message
 59265 | Vaults:4 | XOM: blink monster(s)
 59305 | Vaults:4 | Killed Saint Roka
 59408 | Vaults:4 | XOM: summons 1 hostile shadow creature
 59635 | Vaults:4 | XOM: 4-stop teleportation journey
 59937 | Vaults:4 | XOM: give mutations
 59937 | Vaults:4 | Gained mutation: You are vulnerable to cold. (rC-) [Xom's
                  | mischief]
 59937 | Vaults:4 | Lost mutation: You are frail. (-10% HP) [Xom's mischief]
 59937 | Vaults:4 | Gained mutation: Your body sometimes deteriorates upon
                  | taking damage. [Xom's mischief]
 59937 | Vaults:4 | Lost mutation: You are partially covered in iridescent
                  | scales. (AC +2) [Xom's mischief]
 60009 | Vaults:4 | XOM: god gift: +1 buckler of reflection
 60207 | Depths:1 | Entered Level 1 of the Depths
 60225 | Depths:1 | Reached skill level 1 in Shields
 60597 | Depths:1 | Found a gateway to Hell.
 60918 | Depths:1 | You fall into a shaft and drop 1 floor!
 61017 | Depths:1 | XOM: 4-stop teleportation journey
 61042 | Depths:1 | XOM: 6-stop teleportation journey
 61118 | Depths:1 | Identified the ring "Iqeruriph" {rElec rC+ Dex+3} (Xom
                  | gifted it to you on level 1 of the Depths)
 61118 | Depths:1 | XOM: god gift: ring "Iqeruriph" {rElec rC+ Dex+3}
 61189 | Depths:1 | XOM: polymorph red very ugly thing -> white very ugly thing
 61198 | Depths:1 | XOM: divination: detect creatures
 61463 | Depths:1 | Found a glowing golden altar of the Shining One.
 61650 | Depths:1 | Found a corrupted altar of Lugonu.
 61650 | Depths:1 | Found a one-way gate to the infinite horrors of the Abyss.
 61658 | Depths:1 | XOM: give mutations
 61658 | Depths:1 | Gained mutation: You have supernaturally acute eyesight.
                  | (SInv) [Xom's grace]
 61658 | Depths:1 | Gained mutation: Your spells are a little harder to cast,
                  | but a little more powerful. [Xom's grace]
 61685 | Depths:1 | XOM: cloud trail
 62015 | Depths:2 | XOM: god gift: potion of lignification
 62238 | Depths:2 | Reached skill level 5 in Shields
 62301 | Depths:2 | XOM: silly message
 62491 | Depths:2 | XOM: cast spell 'Call Canine Familiar'
 62646 | Depths:2 | XOM: scenery: 1 doors close
 62810 | Depths:2 | Found a one-way gateway to a ziggurat.
 62851 | Depths:2 | XOM: polymorph eight-headed hydra -> emperor scorpion
 62868 | Depths:2 | Reached XP level 22. HP: 147/147 MP: 13/48
 63004 | Depths:2 | XOM: potion effect (invisibility)
 63394 | Depths:3 | Reached skill level 10 in Transmutations
 63479 | Depths:3 | XOM: 1-stop teleportation journey
 63485 | Depths:3 | Reached skill level 10 in Evocations
 63496 | Depths:3 | XOM: 3-stop teleportation journey
 63660 | Depths:3 | XOM: give mutations
 63660 | Depths:3 | Lost mutation: You are clumsy. (Dex -2) [Xom's grace]
 63660 | Depths:3 | Gained mutation: You are strong-willed. (Will+) [Xom's
                  | grace]
 63823 | Depths:3 | XOM: give mutations
 63823 | Depths:3 | Lost mutation: You are strong-willed. (Will+) [Xom's
                  | mischief]
 63823 | Depths:3 | Lost mutation: Your muscles are strong. (Str +4, Int/Dex
                  | -1) [Xom's mischief]
 63884 | Depths:3 | XOM: confusion (+ monsters)
 64090 | Depths:3 | XOM: silly message
 64400 | Depths:3 | Found Uteuss's Book Shoppe.
 64401 | Depths:3 | Found Bomiw's Jewellery Boutique.
 64402 | Depths:3 | Found Tuluodom's Book Shoppe.
 64420 | Depths:3 | Bought a book of Beasts for 608 gold pieces
 64420 | Depths:3 | Bought a book of Annihilations for 960 gold pieces
 64428 | Depths:3 | Learned a level 7 spell: Monstrous Menagerie
 64438 | Depths:3 | Learned a level 9 spell: Fire Storm
 64568 | Depths:4 | Entered Level 4 of the Depths
 64576 | Depths:4 | XOM: potion effect (brilliance)
 64583 | Depths:4 | XOM: silly message
 64588 | Depths:4 | Reached skill level 1 in Fire Magic
 64730 | Depths:4 | XOM: silly message
 64878 | Depths:4 | Noticed a golden dragon
 64892 | Depths:4 | Killed a golden dragon
 64939 | Depths:4 | XOM: 2-stop teleportation journey
 64971 | Depths:4 | XOM: god gift: +1 barding of fire resistance
 64975 | Depths:4 | XOM: confuse monster(s)
 65242 | Depths:4 | Noticed a golden dragon
 65264 | Depths:4 | Killed a golden dragon
 65419 | Depths:4 | Reached skill level 5 in Fire Magic
 65575 | Depths:4 | XOM: confuse monster(s)
 65982 | Depths:4 | Found a gate to the Realm of Zot.
 66092 | Depths:4 | XOM: god gift: potion of berserk rage
 66289 | Depths:4 | XOM: silly message
 66347 | Depths:4 | XOM: scenery: 2 doors close
 66456 | Depths:4 | XOM is BORED!
 67205 | Swamp:4  | XOM: noise
 67252 | Swamp:4  | XOM: silly message
 67373 | Swamp:4  | XOM: silly message
 67381 | Swamp:4  | XOM: repel stairs
 67384 | Swamp:4  | XOM: enchant monster (bad)
 67491 | Swamp:3  | XOM: god gift: 3 boomerangs
 67582 | Swamp:4  | XOM: fog
 68165 | Swamp:4  | Found a blossoming altar of Fedhas.
 68180 | Swamp:4  | Found a basalt altar of Yredelemnul.
 68499 | Swamp:4  | XOM: god gift: 8 stones
 68566 | Swamp:4  | Got a decaying rune of Zot
 68658 | Lair:2   | XOM: god gift: 38 gold pieces
 68713 | D:11     | XOM: draining
 68893 | Slime:1  | Entered Level 1 of the Pits of Slime
 68913 | Slime:1  | XOM: swap monsters
 68975 | Lair:4   | XOM: give mutation
 68975 | Lair:4   | Gained mutation: You occasionally lose the ability to read
                  | scrolls when taking damage. [Xom's mischief]
 69149 | Slime:2  | XOM: god gift: 16 gold pieces
 69182 | Slime:3  | XOM: noise
 69195 | Slime:3  | Reached XP level 23. HP: 132/144 MP: 15/50
 69253 | Slime:2  | XOM: give mutations
 69253 | Slime:2  | Gained mutation: You are robust. (+10% HP) [Xom's grace]
 69253 | Slime:2  | Gained mutation: Your spells are harder to cast, but more
                  | powerful. [Xom's grace]
 69254 | Slime:2  | XOM: 7-stop teleportation journey
 69521 | Slime:5  | Entered Level 5 of the Pits of Slime
 69541 | Slime:5  | XOM: cleaving
 69589 | Slime:4  | XOM: scenery: create altars
 69713 | Slime:4  | Noticed Dissolution
 69715 | Slime:4  | Paralysed by a floating eye for 2 turns
 69722 | Slime:4  | Paralysed by a floating eye for 2 turns
 69725 | Slime:4  | Killed Dissolution
 69726 | Slime:4  | Reached skill level 10 in Fire Magic
 69955 | Slime:4  | XOM: god gift: leather armour {god gift}
 69958 | Slime:4  | XOM: 1-stop teleportation journey
 70099 | Slime:4  | XOM: 1-stop teleportation journey
 70221 | Slime:4  | Paralysed by a floating eye for 3 turns
 70454 | Slime:4  | XOM: god gift: scroll of amnesia
 70551 | Slime:5  | Gained mutation: Potions are less effective at restoring
                  | your health. [a shining eye]
 70808 | Slime:5  | Noticed the Royal Jelly
 70811 | Slime:5  | XOM: confuse monster(s)
 70820 | Slime:5  | XOM: enchant monster (good)
 70832 | Slime:5  | Killed the Royal Jelly
 71154 | Slime:5  | XOM: summons 2 friendly demons
 71391 | Slime:5  | XOM: cloud trail
 71745 | Slime:5  | XOM: scenery: create altars
 71767 | Slime:5  | Got a slimy rune of Zot
 71768 | Slime:5  | Identified the ring of the Spinneret {*Slow rF+ rN+++ Int-2
                  | Dex+3}
 71784 | Slime:5  | XOM: give mutations
 71784 | Slime:5  | Gained mutation: Your body often deteriorates upon taking
                  | damage. [Xom's mischief]
 71784 | Slime:5  | Lost mutation: You are vulnerable to cold. (rC-) [Xom's
                  | mischief]
 71784 | Slime:5  | Gained mutation: Your flesh is heat resistant. (rF+) [Xom's
                  | mischief]
 71803 | Slime:5  | Got the Tome of Slime
 71806 | Slime:5  | Identified the ring "Cianir" {Fly rElec rN++ Dex+2}
 71808 | Slime:5  | Identified the ring "Zosaexze" {Ice MP+9 Str+4}
 71845 | Slime:5  | Identified the +3 leather armour "Asiacud" {Regen+ Str+3
                  | Dex+4}
 71865 | Slime:5  | Identified the ring "Ybbukes" {Drain Fly rF+ Str+5}
 72371 | Zot:1    | XOM: stealth player
 72371 | Zot:1    | Entered Level 1 of the Realm of Zot
 72753 | Zot:1    | XOM: 1-stop teleportation journey
 72840 | Zot:1    | XOM: swap monsters
 72932 | Zot:1    | XOM: noise
 72979 | Zot:1    | XOM: god gift: long sword {god gift}
 73142 | Zot:1    | XOM: noise
 73154 | Zot:1    | XOM: cast spell 'Discord'
 73630 | Zot:1    | Reached skill level 10 in Dodging
 73867 | Zot:1    | XOM: chaos upgrade
 74065 | Zot:1    | XOM: silly message
 74329 | Zot:1    | XOM: cloud trail
 74383 | Zot:1    | XOM: 5-stop teleportation journey
 74527 | Zot:1    | XOM: scenery: 2 doors close
 74804 | Zot:1    | XOM: give mutations
 74804 | Zot:1    | Gained mutation: Your muscles are strong. (Str +4, Int/Dex
                  | -1) [Xom's grace]
 74804 | Zot:1    | Gained mutation: You are partially covered in iridescent
                  | scales. (AC +2) [Xom's grace]
 75042 | Zot:2    | Reached XP level 24. HP: 160/172 MP: 46/51
 75161 | Zot:2    | Reached skill level 15 in Fire Magic
 75473 | Zot:2    | XOM: cast spell 'Monstrous Menagerie'
 75521 | Zot:2    | XOM: noise
 75595 | Zot:2    | XOM: draining
 75935 | Zot:2    | XOM: give mutations
 75935 | Zot:2    | Lost mutation: Your body often deteriorates upon taking
                  | damage. [Xom's mischief]
 75935 | Zot:2    | Lost mutation: You are partially covered in iridescent
                  | scales. (AC +2) [Xom's mischief]
 75935 | Zot:2    | Lost mutation: You occasionally lose the ability to read
                  | scrolls when taking damage. [Xom's mischief]
 75935 | Zot:2    | Lost mutation: Your spells are harder to cast, but more
                  | powerful. [Xom's mischief]
 76164 | Zot:3    | XOM: summons 7 friendly demons
 76256 | Zot:3    | XOM: give mutations
 76256 | Zot:3    | Gained mutation: You possess an exceptional clarity of
                  | mind. [Xom's grace]
 76256 | Zot:3    | Gained mutation: You are strong-willed. (Will+) [Xom's
                  | grace]
 76256 | Zot:3    | Gained mutation: Your flesh is very heat resistant. (rF++)
                  | [Xom's grace]
 76396 | Zot:3    | Identified the +4 plate armour of the Apricot {Int+2}
 76503 | Zot:3    | XOM: polymorph storm dragon -> death yak
 76889 | Zot:3    | XOM: god gift: wand of flame (9)
 77071 | Zot:4    | XOM: scenery: create altars
 77568 | Zot:4    | XOM: god gift: wand of roots (3)
 77645 | Zot:4    | XOM: summons friendly ufetubus
 77650 | Zot:4    | XOM: scenery: summon butterflies
 77729 | Zot:4    | XOM: give mutations
 77729 | Zot:4    | Gained mutation: You have a pair of horns on your head.
                  | [Xom's grace]
 77729 | Zot:4    | Gained mutation: You have a pair of large horns on your
                  | head. [Xom's grace]
 77982 | Zot:4    | XOM: cloud trail
 78536 | Zot:4    | Found Dexkas's CLEARANCE SALE!.
 78550 | Zot:4    | XOM: noise
 78702 | Zot:4    | XOM: silly message
 78714 | Zot:4    | Bought a potion of heal wounds for 20 gold pieces
 78714 | Zot:4    | Bought a scroll of teleportation for 12 gold pieces
 78808 | Zot:5    | Entered Level 5 of the Realm of Zot
 78996 | Zot:5    | XOM: potion effect (invisibility)
 79109 | Zot:4    | XOM: divination: detect creatures
 79189 | Zot:5    | XOM: polymorph black draconian -> dire elephant
 79385 | Zot:5    | Found a runed translucent door.
 79385 | Zot:5    | Found a shimmering altar of Xom.
 79385 | Zot:5    | Noticed RatherSlowDeath's ghost (legendary BaBr)
 79591 | Zot:5    | Noticed a Killer Klown
 79603 | Zot:5    | Killed a Killer Klown
 79644 | Zot:5    | Noticed a Killer Klown
 79644 | Zot:5    | Noticed a Killer Klown
 79644 | Zot:5    | Noticed a Killer Klown
 79644 | Zot:5    | Noticed an orb of fire
 79644 | Zot:5    | Noticed a dread lich
 79644 | Zot:5    | Noticed an orb of fire
 79644 | Zot:5    | XOM: 2-stop teleportation journey
 79644 | Zot:5    | Noticed a Killer Klown
 79647 | Zot:5    | XOM: scenery: summon butterflies
 79650 | Zot:5    | Got the Orb of Zot
 79650 | Zot:5    | XOM: confuse monster(s)
 79936 | D:13     | Noticed Zagos the pandemonium lord
 79963 | D:11     | XOM: polymorph balrug -> cacodemon
 80158 | D:4      | Noticed Xumu the pandemonium lord
 80195 | D:2      | XOM: summons 8 hostile demons
 80218 | D:1      | gg
 80219 | D:$      | Escaped with the Orb!

Illustrated notes

##.# #.PP.PP.PP.PP.PP.PP#..## #
##.# #.PP.P.PP.P.PP.P.PP..## ###
##÷# #.PP.P.P.PPP.P.P.PP..####..
##.# #.PP.P.PP.P.PP.P.PP..##...#
##.# #.PP.PP.PP.PP.PP.PP.....###
##.# ##.PPP.PP.PPP.PP.PPP...###
.#.# #..PPP.PPP...PPP.PPP...###
.#.###.PPPPP..PPPPP..PPPP.....###
....##.PPPPPPP..@..PPPPPP..#.....
.##.....PPPPPPPP.PPPPPPPP..#.(...
.######.##....................†..
## #.#####.....##....#........ #
#.#####........##...##..... #
#.##....#......##.####..... #
#.##.#.^#......#..# ###### #
###.........#......####
#####......#.##....###....###


Turn 80218 on D:1: gg

Levels and vault maps discovered:
D:1:      roderic_crop_circles_arrival_small, layout_rooms, nicolae_wormholes
D:2:      layout_loops_ring, uniq_crazy_yiuf_cottage
D:3:      layout_loops_ring, serial_shops, nicolae_square_shop,
          nicolae_shop_bloodbath_and_beyond, nicolae_diamond_shop,
          nicolae_shop_crystal, shop, uniq_jessica, uniq_sigmund, uniq_natasha,
          uniq_grinder
D:4:      layout_basic, lemuel_tele_altar, temple_doors_e, uniq_ijyb,
          uniq_duvessa
D:5:      layout_cave_pools, mainiacjoe_overflow_tiny_flanked, tgw_sif,
          enter_ossuary_4
D:6:      layout_rooms, kennysheep_mini, amcnicky_altar_gilded,
          yredelemnul_altar_generic, nicolae_qazlal_scattered_showers,
          nzn_hepliaklqana_mist_gate, mainiacjoe_overflow_six_doors_small,
          nicolae_wu_jian_glorious_leap, uniq_menkaure, uniq_pikel
D:7:      layout_basic, lemuel_round_altar, mainiacjoe_overflow_small_starburst
D:8:      layout_cave_pools, okawaru_humans, serial_shops, shop,
          hangedman_decor_opposing, uniq_grum, uniq_psyche
D:9:      layout_stronghold, ashenzari_altar_1, uniq_maurice
D:10:     cheibrodos_shockbox, layout_long_grid,
          kennysheep_orc_monster_closet_entryway, hangedman_glass_teeth
D:11:     layout_stronghold, due_lair_maze_entry_diamond,
          grunt_dithmenos_smoke_and_mirrors, uniq_urug, uniq_sonja,
          uniq_gastronok
D:12:     layout_cave_pools
D:13:     layout_irregular_city, uniq_azrael
D:14:     layout_irregular_city, erik_vaults_1, serial_park_gazebo
          [serial_park_minivault_5x5_4], nicolae_straight_to_the_point
D:15:     grunt_enter_depths_snipers, layout_irregular_city,
          kennysheep_pointless_box, uniq_kirke
Temple:   nicolae_temple_godpark
Lair:1:   layout_gridlike, grunt_forest_stairs_basic, serial_bayou_pond_d
Lair:2:   layout_cave_pods, skrybe_swamp_entry_bodies, special_room
          [special_room_bee], gammafunk_lair_bear_cave
Lair:3:   layout_cave_pods, nicolae_snake_entry_warm_welcome
Lair:4:   layout_regular_city, slime_entry_1, basic_altar, beast_lair_carwin_3,
          grunt_megastairs_2
Lair:5:   evilmike_catoblepas_cave, layout_cave_pods, wad_woods_01
Swamp:1:  cheibrodos_swamp_tower_of_moss, layout_basic_swamp,
          evilmike_swamp_ruin_house_3, uniq_louise, uniq_mlioglotl
Swamp:2:  layout_basic_swamp, nicolae_swamp_tree_isthmus, swamp_pool4,
          uniq_roxanne
Swamp:3:  layout_falls_marsh, nicolae_swamp_some_circles, swamp_pool5
Swamp:4:  byrel_swamp_growth_death_and_undeath, layout_basic_swamp
Snake:1:  layout_chambers, drop_trap, nicolae_snake_snakewalk, uniq_jorgrun
Snake:2:  layout_misc_corridors, st_stairs_11, minmay_shop_star
Snake:3:  layout_chambers, gammafunk_ghost_berserking_beasts
Snake:4:  johnstein_snake_rune_scales, layout_onion_interference
Slime:1:  layout_caves
Slime:2:  layout_caves
Slime:3:  layout_caves, nicolae_slime_crime_time
Slime:4:  layout_caves, nicolae_slime_getting_an_eyeful, uniq_dissolution
Slime:5
Orc:1:    layout_diamond_mine
Orc:2:    pf_orc_diabolical, layout_caves, serial_shops, statue_bzr,
          basic_altar, nicolae_orc_crystal_geode
Elf:1:    elf_arrival_001, layout_geoelf_diagonals,
          hangedman_elven_crosses_minicolossus
Elf:2:    nicolae_elf_blades_splatter_lattice [nicolae_blade_entry_antechamber],
          layout_geoelf_diagonals, dk_noncrumbling_3
Elf:3:    elf_hall_gauntlet_wide, layout_geoelf_grid, st_stairs_9
Vaults:1: v_misc_19, minmay_guarded_unrand_guard_vaults,
          nicolae_vaults_ninety_degrees, vaults_mumra_minichess_inversion,
          nicolae_vaults_network_periphery, v_misc_5,
          nicolae_vaults_windows_and_doors_thing, v_alt_pattern_6, v_misc_25,
          nicolae_vaults_diagonal_hallway_6, vaults_dpeg_hooks,
          layout_vaults_maze
Vaults:2: nicolae_vaults_triangles, v_misc_11, v_misc_29, v_misc_5, v_misc_23,
          vaults_dpeg_diagonal, v_pattern_3, nicolae_vaults_three_branches,
          nicolae_vaults_shelves_hall, ontoclasm_vaults_pinch,
          nicolae_vaults_theta, layout_vaults_ring
Vaults:3: ontoclasm_vaults_loading_screen, nicolae_vaults_angled_halls,
          vaults_room_boxed, nicolae_vaults_little_squares_6,
          vaults_room_glass_cross, v_misc_14, ontoclasm_vaults_chip,
          nicolae_vaults_rhombus_5, minmay_crypt_entry_simple_box,
          layout_vaults_chaotic_city, serial_shops, nicolae_shop_trees
Vaults:4: nicolae_vaults_yaktaur_gun_rack, nicolae_vaults_little_squares_5,
          nicolae_vaults_little_ls, grunt_vaults_bifocal,
          hangedman_vaults_stagger, vaults_room_door_ring, v_misc_3,
          nicolae_vaults_network_s, grunt_vaults_focal, vaults_room_pools,
          layout_vaults_big_cross, uniq_frederick, uniq_saint_roka, uniq_aizul
Depths:1: layout_cave_shapes, abyss_entry_flame_altar,
          nicolae_hell_entry_hellmouth_sunbeams, kennysheep_nondescript,
          nicolae_twisting_strands, tso_altar
Depths:2: minmay_polygon_palace, layout_twisted_cross, enter_ziggurat_d,
          pan_entry, hangedman_decor_push, hangedman_coc_ice_floe,
          minmay_staircase_bubble
Depths:3: minmay_distorted_concentric_squares, layout_gridlike,
          hangedman_decor_growths, hell_entry, abyss_entry,
          serial_bayou_shore_b, minmay_shop_grove, grunt_megastairs_5
Depths:4: grunt_zot_entry_funnels, layout_basic, chequers_serial_rivers_large_b,
          grunt_hell_entry_dis_old
Zot:1:    layout_twisted_circle, grunt_megastairs_1
Zot:2:    layout_misc_corridors
Zot:3:    layout_gridlike
Zot:4:    layout_concentric_octagons, nicolae_shop_clearance
Zot:5:    layout_onion, ebering_ghost_xom

Skill      XL: |  1  2  3  4  5  6  7  8  9 10 11 12 13 14 15 16 17 18 19 20 21 22 23 24 |
---------------+-------------------------------------------------------------------------+-----
Fighting       | 3 4 6 7 8 11 13 15 17 18 | 18.0
Short Blades   | 4 5 6 |  6.0
Evocations     | 3 4 6 8 9 10 | 10.0
Dodging        | 3 4 5 6 7 9 12 14 | 14.0
Spellcasting   | 2 3 4 5 8 10 12 13 15 17 19 20 21 22 | 22.0
Earth Magic    | 2 6 7 10 14 | 14.0
Conjurations   | 2 5 8 12 13 14 16 20 21 22 | 22.0
Transmutations | 1 6 7 8 9 10 | 10.0
Summonings     | 7 12 15 16 17 20 | 20.0
Armour         | 5 10 11 | 11.6
Shields        | 5 |  5.0
Fire Magic     | 9 14 19 | 19.8

Action                     |  1- 3 |  4- 6 |  7- 9 | 10-12 | 13-15 | 16-18 | 19-21 | 22-24 || total
---------------------------+-------+-------+-------+-------+-------+-------+-------+-------++-------
  Melee: Short sword       |    52 |       |       |       |       |       |       |       ||    52
         Punch             |     1 |     3 |     2 |     2 |     2 |     2 |     4 |       ||    16
         Dagger            |    60 |   130 |   150 |   101 |   206 |    17 |   149 |   198 ||  1011
         Kick              |       |       |    53 |    43 |    26 |       |       |       ||   122
         Headbutt          |       |       |    19 |    21 |    67 |    18 |    62 |    71 ||   258
         Unarmed           |       |       |    18 |       |       |       |       |       ||    18
         Rapier            |       |       |       |       |       |    79 |    16 |       ||    95
   Cast: Sandblast         |       |       |   104 |     8 |     1 |       |       |       ||   113
         Stone Arrow       |       |       |     1 |   298 |   402 |       |       |       ||   701
         Irradiate         |       |       |       |    24 |    58 |    30 |    16 |    43 ||   171
         Spellforged Servi |       |       |       |       |    53 |   139 |   178 |   204 ||   574
         Summon Hydra      |       |       |       |       |     8 |   129 |   198 |   209 ||   544
         Iron Shot         |       |       |       |       |     1 |     4 |       |    10 ||    15
         Summon Mana Viper |       |       |       |       |       |     3 |     1 |     5 ||     9
         Monstrous Menager |       |       |       |       |       |       |       |     7 ||     7
         Lehudib's Crystal |       |       |       |       |       |       |       |     1 ||     1
  Evoke: Wand              |     2 |     1 |     6 |    13 |     5 |     3 |     4 |     3 ||    37
         Piece from Xom's  |     1 |     2 |     1 |       |       |       |       |       ||     4
         Phantom mirror    |       |       |       |     1 |       |       |       |       ||     1
         Tin of tremorston |       |       |       |       |       |     2 |     2 |     5 ||     9
         Phial of floods   |       |       |       |       |       |     2 |       |       ||     2
         Condenser vane    |       |       |       |       |       |     1 |       |       ||     1
         Box of beasts     |       |       |       |       |       |       |       |     1 ||     1
    Use: Scroll            |       |     5 |     9 |     6 |    12 |     7 |     4 |    17 ||    60
         Potion            |       |     2 |     3 |     4 |     1 |     2 |     4 |     4 ||    20
   Stab: Sleeping          |     1 |       |     2 |       |       |       |       |       ||     3
         Paralysed         |     3 |     2 |     4 |       |     5 |       |       |       ||    14
         Distracted        |       |       |       |       |     1 |     3 |     9 |    14 ||    27
 Armour: Leather armour    |    28 |    21 |     4 |       |       |       |       |    65 ||   118
         Robe              |       |       |    31 |    91 |    37 |       |       |       ||   159
         Skin              |       |       |    12 |       |       |       |       |       ||    12
         Troll leather arm |       |       |       |       |   113 |    81 |   102 |    69 ||   365
         Acid dragon scale |       |       |       |       |       |       |       |    22 ||    22
  Dodge: Dodged            |    44 |    62 |   144 |   222 |   307 |   210 |   296 |   455 ||  1740
  Block: Other             |       |       |       |     9 |   176 |    85 |       |       ||   270
         Buckler           |       |       |       |       |       |       |    13 |   195 ||   208
         Reflection        |       |       |       |       |       |       |       |     2 ||     2

Table legend: (Time is in decaauts)
 A = Elapsed time spent in this place.
 B = Non-inter-level travel time spent in this place.
 C = Inter-level travel time spent in this place.
 D = Time resting spent in this place.
 E = Time spent auto-exploring this place.
 F = Levels seen in this place.
 G = Mean time per level.
                   A        B        C        D        E       F      G
               +--------+--------+--------+--------+--------+-----+--------+
         Total |  80512 |  74591 |   5921 |  29361 |  29244 |  54 | 1491.0 |
       Dungeon |  20652 |  17617 |   3035 |   5062 |   9013 |  15 | 1376.8 |
        Temple |     53 |     53 |      0 |     48 |      0 |   1 |   53.0 |
          Lair |  11077 |  10291 |    786 |   5031 |   3450 |   5 | 2215.4 |
         Swamp |   5560 |   5222 |    338 |   2223 |   1885 |   4 | 1390.0 |
     Snake Pit |   8752 |   8310 |    442 |   3561 |   3096 |   4 | 2188.0 |
    Slime Pits |   3081 |   3012 |     69 |   1502 |    665 |   5 |  616.2 |
  Orcish Mines |   2898 |   2640 |    258 |   1064 |    960 |   2 | 1449.0 |
   Elven Halls |   5518 |   5303 |    215 |   2383 |   1619 |   3 | 1839.3 |
        Vaults |   8471 |   8267 |    204 |   3139 |   3157 |   4 | 2117.8 |
        Depths |   6832 |   6524 |    308 |   2433 |   2577 |   4 | 1708.0 |
           Zot |   7284 |   7023 |    261 |   2907 |   2621 |   5 | 1456.8 |
        Bazaar |    135 |    135 |      0 |      0 |     94 |   1 |  135.0 |
       Ossuary |    193 |    193 |      0 |      5 |    104 |   1 |  193.0 |
               +--------+--------+--------+--------+--------+-----+--------+

Top non-repeatable levels by time:
  Lair:5: 3457 daAuts
 Snake:1: 3208 daAuts
    D:15: 3177 daAuts
   Orc:2: 2501 daAuts
  Lair:4: 2463 daAuts
Depths:4: 2443 daAuts
Vaults:1: 2441 daAuts
   Elf:3: 2390 daAuts
   Zot:1: 2382 daAuts
Vaults:2: 2350 daAuts
    D:10: 2290 daAuts
 Snake:3: 2186 daAuts
  Lair:2: 2148 daAuts
 Swamp:3: 2091 daAuts
   Zot:4: 2034 daAuts
